AoeStats
← Ux'RaúlME

Arabia

507291970Analyzed
1v1 RM · 15d ago on Sep 17, 2026· 40m 29s· 2 players
Game mode
Random Map
Map size
Tiny (2 player)
Population
200
Speed
Normal
Resources
Standard
Victory
Conquest
Starting age
Dark Age
Ending age
Imperial Age
RankedLock teamsTeams togetherTeam positionsShared explorationLock speedFull tech treeHidden civsTurbo modeCheats
Victory
Defeat
🇫🇷 Magyars · France
1310
+18
🇲🇽 Franks · Mexico
1354
-18
NIKTOU
6:51 Loom
9:29 Feudal Age
19:58 Castle Age
18:44 Double-Bit Axe
18:59 Horse Collar
19:41 Fletching
19:48 Gold Mining
20:45 Bodkin Arrow
21:45 Pikeman
22:46 Scale Mail Armor
27:22 Stone Mining
28:27 Wheelbarrow
29:16 Town Watch
29:47 Town Watch
34:42 Imperial Age
33:44 Thumb Ring
35:00 Padded Archer Armor
35:30 Ballistics
35:28 Bow Saw
35:46 Bracer
37:36 Parthian Tactics
38:08 Bloodlines
37:19 Light Cavalry
38:57 Scale Barding Armor
38:56 Hussar
39:37 Husbandry
Ux'RaúlME
4:48 Loom
9:12 Feudal Age
9:43 Double-Bit Axe
13:13 Scale Barding Armor
21:33 Castle Age
20:02 Forging
20:14 Gold Mining
20:45 Scale Mail Armor
20:55 Fletching
22:35 Husbandry
23:10 Chain Barding Armor
27:37 Wheelbarrow
27:08 Bodkin Arrow
35:43 Imperial Age
34:46 Ballistics
35:02 Iron Casting
34:37 Town Watch
35:05 Bow Saw
37:49 Plate Barding Armor
Connection lost

Rejoining the realm…

Still unreachable

The connection could not be restored.

Session expired

The server has moved on; the page needs a fresh start.